 Dungeon Crawl Stone Soup version 0.15.2 (webtiles) character file.

79 MistressOfTheSands the Insei (level 4, -1/35 HPs)
             Began as a Mummy Monk on Nov 9, 2015.
             Slain by a kobold
             ... wielding a +0 short sword
              (3 damage)
             ... on Level 3 of the Dungeon.
             The game lasted 00:01:48 (1892 turns).

MistressOfTheSands the Insei (Mummy Monk)           Turns: 1892, Time: 00:01:48

HP  -1/35        AC  3     Str 14      XL: 4   Next: 16%
MP   4/4         EV 13     Int  9      God:
Gold 137         SH  0     Dex 15      Spells:  0 memorised,  3 levels left

rFire  x . .     SeeInvis .       - Unarmed
rCold  + + .     Clarity  .     a - +0 robe
rNeg   + + +     rCorr    .     (no shield)
rPois  +         rRot     +     f - +0 helmet (curse)
rElec  .         Spirit   .     (no cloak)
SustAb +         Warding  .     (no gloves)
rMut   .         Stasis   .     (no boots)
Gourm  .                        (no amulet)
MR     .....                    h - ring of sustain abilities
                                c - ring of protection from cold

@: not resistant to hostile enchantments, unstealthy
A: no food or potions, fire vulnerability, restore body, cold resistance 1,
negative energy resistance 3, poison resistance, torment resistance, unbreathing
a: no special abilities


You were on level 3 of the Dungeon.
You were not hungry.

You visited 1 branch of the dungeon, and saw 3 of its levels.

You collected 137 gold pieces.


Innate Abilities, Weirdness & Mutations

You do not eat or drink.
Your flesh is vulnerable to fire.
Your flesh is cold resistant.
You are immune to negative energy.
Your system is resistant to poisons.
You are immune to unholy pain and torment.
You can survive without breathing.


   Skills:
 - Level 3.0 Fighting
 - Level 2.4 Dodging
 - Level 1.5 Stealth
 + Level 4.7 Unarmed Combat


You had 3 spell levels left.
You didn't know any spells.

Inventory:

Armour
 a - a +0 robe (worn)
 f - a cursed +0 helmet (worn)
Scrolls
 b - 4 scrolls of enchant weapon {unknown}
 d - 2 scrolls of magic mapping {unknown}
 e - a scroll of remove curse {unknown}
 g - a scroll of enchant armour {unknown}
 i - 2 scrolls of identify {unknown}
 j - a scroll of fog {unknown}
Jewellery
 c - a ring of protection from cold (left hand)
 h - a ring of sustain abilities (right hand)

Dungeon Overview and Level Annotations

Branches:
Dungeon (3/15)

Altars:

#.#..####.#)#
#%#.## #.#.# #...#
#...# ##.### ##..#
#..# #..# ####.(#
#..# #..#.###.((..#
#..#
#......c###.######
#...
.......KKM(.....(..
.....
.##...#####.######
##.## <..... #.# .
##..# ..# ... .. ?
.


You could see a centaur and 2 kobolds.


Message History

The centaur shoots an arrow.
The arrow closely misses you.
Found a scroll labeled QOIVIU SUOSUOL.
Found a stone staircase leading up.
A bat comes into view.
You see here an arrow.
You hit the kobold.
You kill the kobold!
The kobold throws a stone.
The stone completely misses you.
You closely miss the bat. The bat hits you but does no damage.
The bat hits you.
* * * LOW HITPOINT WARNING * * *
You completely miss the bat. The bat barely misses you.
The centaur shoots an arrow.
The arrow barely misses you.
You closely miss the bat. The bat barely misses you.
The bat closely misses you.
The kobold unwields an uncursed short sword.
The kobold wields a blowgun.
The kobold shoots a poisoned needle.
The poisoned needle barely misses you.
The centaur shoots an arrow.
The arrow closely misses you. The bat hits you.
* * * LOW HITPOINT WARNING * * *
The kobold hits you with a short sword.
* * * LOW HITPOINT WARNING * * *
You see here a dagger.
Unknown command.
The kobold throws a stone.
The stone closely misses you.
The centaur shoots an arrow.
The arrow hits you!
* * * LOW HITPOINT WARNING * * *
You see here an arrow.
The kobold hits you with a short sword.
You die...

Action                   |  1- 3 |  4- 6 || total
-------------------------+-------+-------++-------
Melee: Unarmed           |   167 |     8 ||   175
 Stab: Sleeping          |     3 |       ||     3
       Distracted        |     1 |       ||     1

Vault maps used:
D:1:      scummos_arrival_forest, patterned_corridor
D:2:      minmay_misc_feat_enclosed, uniq_jessica
D:3:      first_bread, fedhas_altar_2

Notes
Turn   | Place    | Note
--------------------------------------------------------------
     0 | D:1      | MistressOfTheSands, the Mummy Monk, began the quest for the Orb.
     0 | D:1      | Reached XP level 1. HP: 18/18 MP: 1/1
    74 | D:1      | Reached XP level 2. HP: 22/24 MP: 2/2
   612 | D:2      | Reached skill level 4 in Unarmed Combat
   640 | D:2      | Reached XP level 3. HP: 15/29 MP: 3/3
  1328 | D:2      | HP: 2/29 [worm (2)]
  1760 | D:2      | Noticed Jessica
  1774 | D:2      | Killed Jessica
  1857 | D:3      | Reached XP level 4. HP: 27/35 MP: 4/4
  1883 | D:3      | Noticed a centaur
  1891 | D:3      | HP: 2/35 [centaur/arrow (7)]
  1892 | D:3      | Slain by a kobold

Vanquished Creatures
  Jessica (D:2)
  An adder (D:3)
  2 worms (D:2)
  2 giant geckos
  6 bats
  7 hobgoblins
  4 jackals (D:2)
  A quokka (D:2)
  3 giant cockroaches (D:2)
  A giant newt (D:1)
  7 goblins
  2 kobolds
  2 rats
39 creatures vanquished.
